 Dungeon Crawl Stone Soup version 0.22.0-1-g6561e4c (webtiles) character file.

53 mopl the Caller (level 3, 0/24 HPs)
             Began as a Mummy Summoner on Aug 12, 2018.
             Slain by a kobold (3 damage)
             ... on level 1 of the Dungeon.
             The game lasted 00:01:52 (2188 turns).

mopl the Caller (Mummy Summoner)                    Turns: 2188, Time: 00:01:53

Health: 0/24       AC:  2    Str: 11    XL:     3   Next: 62%
Magic:  1/8        EV: 12    Int: 15    God:
Gold:   34         SH:  0    Dex: 12    Spells: 3/9 levels left

rFire    x . .     SeeInvis .   b - +0 dagger
rCold    + . .     Gourm    .   (no shield)
rNeg     + + +     Faith    .   a - +0 robe
rPois    ∞         Spirit   .   (no helmet)
rElec    .         Reflect  .   (no cloak)
rCorr    .         Harm     .   (no gloves)
MR       .....                  (no boots)
Stlth    ++........             (no amulet)
HPRegen  0.08/turn              (no ring)
MPRegen  0.11/turn              (no ring)

@: very slightly contaminated
A: no food or potions, fire vulnerability, cold resistance 1, negative energy
resistance 3, torment resistance, unbreathing
a: no special abilities


You were on level 1 of the Dungeon.
You were not hungry.

You visited 1 branch of the dungeon, and saw 2 of its levels.

You collected 34 gold pieces.

Inventory:

Hand Weapons
 b - a +0 dagger (weapon)
Armour
 a - a +0 robe (worn)
Scrolls
 c - a scroll of identify {unknown}


   Skills:
 - Level 1.5 Dodging
 - Level 1.5 Stealth
 + Level 3.6 Spellcasting
 * Level 4.1 Summonings


You had 3 spell levels left.
You knew the following spells:

 Your Spells              Type           Power        Failure   Level  Hunger
a - Summon Small Mammal   Summ           ###.         3%          1    N/A
b - Call Imp              Summ           ###.....     5%          2    N/A
c - Call Canine Familiar  Summ           ###.....     11%         3    N/A

Your spell library contained the following spells:

 Spells                   Type           Power        Failure   Level  Hunger
 Summon Ice Beast         Ice/Summ       #.......     63%         4    N/A
 Summon Lightning Spire   Summ/Air       #.......     63%         4    N/A
 Summon Guardian Golem    Hex/Summ       #.......     24%         3    N/A

Dungeon Overview and Level Annotations

Branches:
Dungeon (2/15)

Altars:


Innate Abilities, Weirdness & Mutations

You do not eat or drink.
Your flesh is vulnerable to fire.
You are immune to poison.
Your flesh is cold resistant. (rC+)
You are immune to negative energy. (rN+++)
You are immune to unholy pain and torment.
You can survive without breathing.


Message History

The adder bites your iron imp but does no damage.
Your crimson imp closely misses the adder.
There is a stone staircase leading up here.
Your crimson imp disappears in a puff of smoke!
The adder closely misses your iron imp.
You climb upwards.
There is a stone staircase leading down here.
Casting: Call Imp (safe; 5% risk of failure)
Confirm with . or Enter, or press ? or * to list all spells.
You miscast Call Imp.
You are very lightly contaminated with residual magic.
A fistful of eyes flickers past your view.
The kobold hits you.
* * * LOW HITPOINT WARNING * * *
The kobold hits you.
* * * LOW HITPOINT WARNING * * *
Casting: Call Imp (safe; 5% risk of failure)
Confirm with . or Enter, or press ? or * to list all spells.
The kobold hits you.
You die...

#.##......#.#................###.
#.##......#.#.###...........####.
#.##...#......# #.##..#.##### #..
#......####.### #.......# #..
####........# #.......## #..
###.############........## #..
#...# #.....##.........#####..
#.### #.....##r....#..........
##.#### #.....K@................
......# #..>..###..#............
##.##.####.....# #........####...
##.##...######## ##.##.##.# #...
##......######.## #.......# #...
#####...##.....!# ####.#### #...
#####..###.###.#### #.# #...
.......# #.#......####.### ###.
######.###.#.#.##.#......# #.


You could see a kobold and a friendly rat.

Vanquished Creatures
  An adder (D:2)
  An ooze (D:1)
  3 dart slugs
  A leopard gecko (D:1)
  2 bats (D:1)
  A giant cockroach (D:1)
  5 goblins
  2 hobgoblins (D:1)
  A frilled lizard (D:1)
  4 rats (D:1)
21 creatures vanquished.

Vanquished Creatures (collateral kills)
  Jessica (D:2)
  A bat (D:1)
  A goblin (D:2)
  A hobgoblin (D:1)
4 creatures vanquished.

Grand Total: 25 creatures vanquished

Notes
Turn   | Place    | Note
-------+----------+-------------------------------------------
     0 | D:1      | mopl the Mummy Summoner began the quest for the Orb.
     0 | D:1      | Reached XP level 1. HP: 13/13 MP: 4/4
   341 | D:1      | Reached skill level 3 in Spellcasting
   355 | D:1      | Reached XP level 2. HP: 4/19 MP: 6/6
   598 | D:1      | Learned a level 2 spell: Call Imp
  1665 | D:1      | Reached XP level 3. HP: 23/24 MP: 7/7
  1670 | D:1      | Learned a level 3 spell: Call Canine Familiar
  1782 | D:2      | Noticed Jessica
  1792 | D:2      | Reached skill level 4 in Summonings
  2166 | D:2      | Killed Jessica
  2188 | D:1      | Slain by a kobold

Skill      XL: |  1  2  3 |
---------------+----------+-----
Spellcasting   | 3 |  3.6
Summonings     | 4 |  4.1
Dodging        | |  1.5
Stealth        | |  1.5

Action                   || total
-------------------------++-------
Melee: Unarmed           ||    15
       Dagger            ||   100
 Cast: Summon Small Mamm ||     3
       Call Imp          ||    10
 Stab: Distracted        ||     1
       Sleeping          ||     1
Armor: Robe              ||    21
Dodge: Dodged            ||    53
